 Dungeon Crawl Stone Soup version 0.29.1-15-g9cfb28693d (webtiles) character file.

Game seed: 17282924768243596636

480 LustLizard the Gusty (level 6, -6/35 HPs)
             Began as a Deep Elf Air Elementalist on Apr 8, 2023.
             Killed by divine providence
             ... invoked by an orc priest
              (12 damage)
             ... on level 5 of the Dungeon.
             The game lasted 00:07:39 (5330 turns).

LustLizard the Gusty (Deep Elf Air Elementalist)    Turns: 5330, Time: 00:07:39

Health: -6/35      AC:  6    Str:  7    XL:     6   Next: 86%
Magic:  0/14       EV: 12    Int: 20    God:
Gold:   174        SH:  0    Dex: 15    Spells: 7/13 levels left

rFire   . . .      SeeInvis .   f - +0 dagger
rCold   . . .      Faith    .   (no shield)
rNeg    . . .      Spirit   .   o - +0 leather armour
rPois   .          Reflect  .   p - +2 helmet
rElec   .          Harm     .   (no cloak)
rCorr   .          Rampage  .   (no gloves)
Will    .....                   (no boots)
Stlth   ++........              (no amulet)
HPRegen 0.11/turn               (no ring)
MPRegen 0.14/turn               (no ring)

@: no status effects
A: no striking features
a: no special abilities


You were on level 5 of the Dungeon.
You visited 1 branch of the dungeon, and saw 5 of its levels.

You collected 174 gold pieces.

Inventory:

Hand Weapons
 f - a +0 dagger (weapon)
Missiles
 u - a throwing net
Armour
 a - a +0 robe
 o - a +0 leather armour (worn)
 p - a +2 helmet (worn)
Jewellery
 w - an amulet of magic regeneration
Wands
 t - a wand of flame (17)
 y - a wand of paralysis (1)
Scrolls
 d - a scroll of magic mapping {unknown}
 g - a scroll of vulnerability {unknown}
 h - a scroll of immolation {unknown}
 j - a scroll of enchant armour
 k - a scroll of enchant weapon {unknown}
 l - 2 scrolls of fog {unknown}
 r - a scroll of amnesia {unknown}
 s - 2 scrolls of teleportation {unknown}
 x - a scroll of identify
 z - a scroll of noise {unknown}
Potions
 b - a potion of magic
 c - 2 potions of invisibility
 e - a potion of experience {unknown}
 i - a potion of ambrosia {unknown}
 m - 3 potions of berserk rage
 n - 3 potions of mutation
 q - 4 potions of curing
 v - a potion of heal wounds {unknown}


   Skills:
 + Level 1.7 Fighting
 + Level 3.9 Dodging
 + Level 3.9 Stealth
 + Level 4.3 Spellcasting
 * Level 4.1 Conjurations
 * Level 4.6 Air Magic


You had 7 spell levels left.
You knew the following spells:

 Your Spells              Type           Power      Damage    Failure   Level
a - Shock                 Conj/Air       84%        1d8       3%          1
b - Static Discharge      Conj/Air       21%        3-6/arc   4%          2
c - Swiftness             Air            22%        N/A       9%          3

Your spell library contained the following spells:

 Spells                   Type           Power      Damage    Failure   Level
 Sublimation of Blood     Necr           4%         N/A       28%         2
 Wereblood                Tmut           4%         N/A       28%         2
 Airstrike                Air            11%        2d(2-18)  28%         4
 Lightning Bolt           Conj/Air       10%        1d23      65%         5
 Yara's Violent Unravell  Hex/Tmut       2%         3d3       99%         5
 Summon Hydra             Summ           2%         N/A       100%        7
 Maxwell's Capacitive Co  Air            11%        ∞         100%        8
 Chain Lightning          Conj/Air       10%        3d14      100%        9


Dungeon Overview and Level Annotations

Branches:
Dungeon (5/15)
 Temple: D:4-7

Altars:
Ashenzari
Gozag
Zin

Shops:
D:3 *


Message History

The orc priest is severely wounded.
The orc priest barely misses you.
You hit the orc priest but do no damage.
The orc priest is severely wounded.
The orc priest hits you but does no damage.
You barely miss the orc priest.
The orc priest is severely wounded.
The orc priest hits you but does no damage.
You barely miss the orc priest.
The orc priest is severely wounded.
The orc priest closely misses you.
Your magical contamination has completely faded away.
You hit the orc priest.
The orc priest is severely wounded.
The orc priest hits you with a +0 club.
You hit the orc priest but do no damage.
The orc priest is severely wounded.
The orc priest mumbles some strange prayers to Beogh against you.
Pain shoots through your body!
Aiming: Shock (safe; 3% risk of failure)
Press: ? - help, Q - select action, (/) - cycle Shift-Dir - straight line, f/p - orc priest
Aim: an orc priest, wielding a +0 club and wearing a +0 scale mail (severely wounded, 77% to hit)
The zap misses the orc priest.
The orc priest casts a cantrip, but nothing happens.
You hit the orc priest but do no damage.
The orc priest is severely wounded.
The orc priest hits you with a +0 club.
You hit the orc priest but do no damage.
The orc priest is severely wounded.
The orc priest hits you but does no damage.
You hit the orc priest but do no damage.
The orc priest is severely wounded.
The orc priest mumbles some strange prayers to Beogh against you.
Beogh smites you!
* * * LOW HITPOINT WARNING * * *
You hit the orc priest but do no damage.
The orc priest is severely wounded.
The orc priest invokes the aid of Beogh against you.
Beogh smites you!
You die...

#...#.... #...#..##
#####...#..##
#.........>..
######.###...#####
#.............#
#.............#
#######.....#.......#
......o@.....†...†..#
###########.#.......#
####.#.......#
#....#.......#
#.#..........#
#.#...########
#.#...# #.#...#
#.#...#


You could see an orc priest.

Vanquished Creatures
  A howler monkey (D:3)
  2 jellies (D:5)
  An orc priest (D:4)
  2 hounds (D:4)
  2 iguanas (D:5)
  An orc wizard (D:4)
  4 gnolls (D:4)
  8 adders
  A white imp (D:4)
  5 worms
  A dart slug (D:4)
  6 orcs (D:4)
  8 ball pythons
  5 endoplasms
  5 giant cockroaches
  5 goblins
  4 hobgoblins
  5 jackals
  2 kobolds (D:3)
  2 quokkas
  8 bats
  4 frilled lizards
  6 rats
88 creatures vanquished.

Notes
Turn   | Place    | Note
-------+----------+-------------------------------------------
     0 | D:1      | LustLizard the Deep Elf Air Elementalist began the quest
                  | for the Orb.
     0 | D:1      | Reached XP level 1. HP: 10/10 MP: 6/6
   246 | D:1      | Reached XP level 2. HP: 15/15 MP: 5/8
   381 | D:1      | Found a faded altar of an unknown god.
   385 | D:1      | Learned a level 2 spell: Static Discharge
  1385 | D:2      | Identified the -1 pair of gloves "Kuihufeb" {Str+6 Dex+4
                  | Slay-6}
  1911 | D:2      | Reached XP level 3. HP: 20/20 MP: 1/9
  1994 | D:2      | Learned a level 3 spell: Swiftness
  2716 | D:3      | Reached XP level 4. HP: 24/24 MP: 7/11
  3002 | D:3      | Reached skill level 1 in Fighting
  3248 | D:3      | Found an opulent altar of Gozag.
  3281 | D:3      | Found Zin's Purification Station.
  3286 | D:3      | Found a glowing silver altar of Zin.
  3439 | D:4      | Reached XP level 5. HP: 19/29 MP: 7/12
  3759 | D:4      | Found a broken altar of Ashenzari.
  3773 | D:4      | Got Devamnuy's Octavo of Altered Ozone
  3943 | D:4      | Reached XP level 6. HP: 19/34 MP: 6/13
  4895 | D:5      | Entered Level 5 of the Dungeon
  5330 | D:5      | Killed from afar by an orc priest

Illustrated notes

Levels and vault maps discovered:
D:1:      kennysheep_arrival_seaside, layout_basic,
          shapermc_ecumenical_altar_mp_vishouse, nicolae_eternal_life,
          palyth_stone_intersect, hex_large, minmay_pentomino_t2
D:2:      layout_loops_cross, chequers_jeans, hangedman_decor_peaks_small
D:3:      layout_rooms, zin_purify, mainiacjoe_overflow_alcove_4,
          reono_crystal_passage
D:4:      layout_layer_cave, cheibrodos_ashenzari_chains
D:5:      layout_basic, minmay_temple_entry_proselytizer, uniq_sigmund

Skill      XL: |  1  2  3  4  5  6 |
---------------+-------------------+-----
Conjurations   | 2 3 4 |  4.1
Stealth        | 3 |  3.9
Dodging        | 3 |  3.9
Fighting       | 1 |  1.7
Air Magic      | 4 |  4.6
Spellcasting   | 4 |  4.3

Action                   |  1- 3 |  4- 6 || total
-------------------------+-------+-------++-------
Melee: Dagger            |       |    16 ||    16
 Cast: Shock             |    98 |   136 ||   234
       Static Discharge  |     1 |     8 ||     9
  Use: Scroll            |       |     5 ||     5
Armor: Leather armour    |       |     9 ||     9
Dodge: Dodged            |     6 |    10 ||    16
